Map: Ewiges Imperium LE

Players

Rail - Winner!

  • Race: Protoss Protoss
  • Spawn Location: 7:00

HateMe

  • Race: Zerg Zerg
  • Spawn Location: 1:00

Event: IEM Katowice 2020

VOD

Have the link to the VOD?

Description

Time

  • Played on: Feb. 25, 2020, 11:08 a.m.
  • Length: 12:48

All games in this series

Show
View Real Time Build Order
Export as new Build Order

Rail Protoss - Winner!

Build Orders: 1 Gate Expand, Zealot Archon, Archon Drop, Dark Templar Rush 

Get SALT Encoding   

  12  0:00  Probe  
  13  0:13  Probe  
  14  0:18  Pylon  
  14  0:25  Probe (Chrono Boost)  
  15  0:37  Probe (Chrono Boost)  
  15  0:41  Gateway  
  16  0:46  Probe (Chrono Boost)  
  16  0:47  Assimilator  
  17  0:51  Probe  
  18  1:03  Probe  
  19  1:15  Probe  
  20  1:23  Nexus  
  20  1:33  Cybernetics Core  
  20  1:36  Probe  
  21  1:41  Assimilator  
  21  1:48  Probe  
  21  1:50  Pylon  
  22  2:00  Probe  
  23  2:06  Adept (Chrono Boost)  
  23  2:12  Probe  
  23  2:14  Twilight Council  
  26  2:17  Warp Gate  
  26  2:24  Probe  
  26  2:26  Stalker (Chrono Boost)  
  29  2:35  Probe  
  29  2:36  Probe  
  31  2:43  Robotics Facility  
  31  2:47  Probe  
  31  2:50  Adept  
  34  2:53  Probe  
  35  2:59  Probe  
  36  3:05  Probe  
  36  3:08  Gateway  
  37  3:13  Dark Shrine  
  37  3:15  Probe  
  39  3:25  Gateway  
  39  3:30  Warp Prism (Chrono Boost)  
  40  3:37  Probe x2 (Chrono Boost)  
  42  3:42  Pylon  
  44  3:49  Probe (Chrono Boost)  
  44  3:52  Probe (Chrono Boost)  
  44  3:55  Probe (Chrono Boost)  
  44  3:59  Probe  
  44  4:00  Observer  
  44  4:01  Pylon  
  47  4:04  Probe  
  48  4:12  Nexus  
  48  4:19  Shield Battery  
  48  4:21  Probe x2  
  50  4:28  Pylon  
  50  4:33  Dark Templar x2  
  50  4:35  Dark Templar  
  56  4:38  Assimilator  
  56  4:39  Probe  
  56  4:40  Probe  
  58  4:48  Pylon  
  58  4:49  Assimilator  
  58  4:51  Probe  
  59  4:54  Probe  
  60  5:03  Probe  
  60  5:06  Probe  
  62  5:08  Stargate  
  62  5:15  Probe (Chrono Boost)  
  62  5:18  Gateway  
  62  5:19  Gateway  
  63  5:22  Archon, Stargate  
  63  5:26  Probe x2 (Chrono Boost)  
  63  5:27  Probe (Chrono Boost)  
  66  5:31  Dark Templar  
  66  5:35  Probe x3 (Chrono Boost)  
  71  5:36  Pylon, Archon  
  71  5:40  Probe (Chrono Boost), Pylon  
  71  5:42  Probe (Chrono Boost)  
  73  5:45  Pylon  
  74  5:51  Probe (Chrono Boost), Phoenix (Chrono Boost), Assimilator  
  74  5:52  Probe (Chrono Boost)  
  78  5:58  Probe x2 (Chrono Boost)  
  78  6:00  Probe (Chrono Boost)  
  80  6:04  Assimilator  
  80  6:06  Probe x2, Phoenix (Chrono Boost)  
  80  6:07  Phoenix (Chrono Boost)  
  86  6:12  Forge  
  86  6:15  Probe  
  87  6:20  Immortal  
  87  6:22  Probe  
  92  6:25  Probe  
  92  6:28  Phoenix (Chrono Boost)  
  92  6:30  Phoenix (Chrono Boost)  
  92  6:32  Adept  
  99  6:34  Adept x2  
  103  6:44  Phoenix (Chrono Boost)  
  103  6:45  Pylon  
  105  6:47  Protoss Ground Weapons Level 1 (Chrono Boost)  
  105  6:49  Probe  
  105  6:51  Pylon  
  105  6:53  Phoenix (Chrono Boost), Pylon  
  108  6:57  Charge  
  108  7:02  Pylon  
  108  7:04  Sentry, Zealot x2  
  108  7:07  Probe  
  115  7:14  Photon Cannon  
  115  7:15  Gateway  
  115  7:16  Immortal  
  115  7:17  Gateway  
  119  7:28  Probe x2  
  119  7:38  Templar Archives  
  119  7:44  Probe, Gateway x2  
  119  7:46  Gateway  
  120  7:57  Nexus  
  120  7:58  Pylon, Fleet Beacon  
  120  7:59  Psionic Storm  
  120  8:10  Gateway  
  120  8:11  Gateway  
  118  8:13  Zealot x2  
  118  8:14  Zealot  
  124  8:21  Shield Battery  
  124  8:22  Photon Cannon  
  124  8:32  High Templar x2  
  128  8:35  High Templar x2, Zealot  
  128  8:38  Pylon  
  128  8:39  Zealot x2  
  138  8:45  Zealot  
  138  8:46  Shield Battery  
  138  8:48  Probe, Shield Battery  
  140  8:52  Unknown  
  141  8:56  Carrier  
  141  8:59  Carrier  
  153  9:07  Photon Cannon  
  153  9:10  Zealot x3  
  153  9:11  Zealot  
  153  9:15  Protoss Shields Level 1 (Chrono Boost), Stargate  
  161  9:18  Pylon  
  161  9:19  Protoss Air Weapons Level 1  
  161  9:28  Probe  
  162  9:36  Stargate  
  154  9:38  Zealot x4  
  154  9:39  Zealot  
  154  9:42  Photon Cannon  
  154  9:47  Photon Cannon  
  154  9:50  High Templar x2, Zealot x2  
  162  9:55  Archon  
  162  9:57  Carrier (Chrono Boost)  
  157  10:01  Probe x3  
  157  10:05  Zealot  
  157  10:06  Zealot x2  
  154  10:16  Probe, Pylon  
  154  10:17  Probe x2, Carrier (Chrono Boost)  
  154  10:19  Probe  
  164  10:26  Carrier (Chrono Boost)  
  164  10:28  Probe  
  164  10:30  Probe  
  164  10:34  Pylon  
  172  10:43  Zealot x2  
  172  10:44  Zealot x2  
  172  10:47  Zealot  
  172  10:48  Zealot  
  181  10:56  Probe x3  
  163  11:03  Probe  
  156  11:10  Probe x3  
  149  11:15  Probe  
  149  11:17  High Templar x6  
  160  11:22  Probe x2  
  160  11:23  High Templar x2  
  160  11:24  Zealot  
  160  11:25  Archon x3  
  168  11:29  Zealot  
  168  11:35  Probe x2  
  168  11:36  Probe  
  171  11:43  Archon  
  171  11:44  Archon  
  171  11:46  Zealot  
  157  11:52  High Templar x3, Zealot x2  
  157  11:53  Zealot x2  
  169  11:56  Archon  
  169  11:58  High Templar x2  
  179  12:16  Zealot x2  
  179  12:17  Zealot x3  
  179  12:19  Observer  
  190  12:34  Archon x2  
  162  12:41  Zealot x4  
  162  12:42  Zealot x2  
  168  12:46  High Templar x2  
  168  12:47  Zealot x2  
Show
View Real Time Build Order
Export as new Build Order

HateMe Zerg 

Build Orders: Hatch First 

Get SALT Encoding   

  12  0:02  Drone  
  13  0:13  Overlord  
  13  0:17  Drone  
  14  0:31  Drone x2  
  16  0:48  Hatchery  
  15  0:51  Drone  
  15  0:55  Drone  
  17  0:59  Drone  
  18  1:09  Extractor  
  17  1:14  Spawning Pool  
  17  1:17  Drone  
  17  1:20  Drone  
  18  1:29  Drone  
  19  1:39  Drone  
  20  1:50  Overlord  
  20  2:01  Queen x2  
  20  2:02  Zergling x4  
  26  2:11  Drone x2  
  26  2:14  Metabolic Boost  
  28  2:23  Drone x2  
  30  2:34  Hatchery  
  29  2:37  Drone  
  30  2:45  Zergling x4  
  30  2:47  Overlord  
  32  2:55  Drone x2  
  34  2:59  Queen  
  34  3:05  Overlord  
  36  3:08  Drone  
  36  3:12  Drone x3  
  40  3:15  Drone  
  41  3:20  Drone  
  41  3:26  Drone  
  43  3:30  Drone  
  44  3:36  Queen, Roach Warren  
  45  3:42  Overlord  
  45  3:43  Spore Crawler  
  45  3:46  Queen  
  45  3:47  Drone  
  47  3:52  Drone x3  
  47  3:54  Drone  
  51  3:56  Drone  
  51  4:00  Drone x2  
  51  4:02  Spore Crawler  
  53  4:05  Drone  
  53  4:07  Drone  
  53  4:09  Drone  
  56  4:16  Overlord  
  56  4:17  Drone, Evolution Chamber  
  56  4:18  Drone  
  56  4:21  Spore Crawler  
  56  4:22  Drone  
  57  4:26  Drone x3  
  60  4:34  Zergling x8  
  60  4:36  Zergling x2  
  65  4:40  Lair, Zergling x2  
  66  4:46  Roach x3  
  66  4:49  Zerg Melee Weapons Level 1  
  66  4:51  Extractor  
  71  4:53  Extractor  
  71  4:59  Overlord x2  
  70  5:03  Overlord  
  70  5:12  Overlord  
  70  5:13  Overlord  
  69  5:20  Drone x12  
  81  5:24  Drone  
  81  5:25  Drone x2  
  84  5:35  Drone x3  
  87  5:36  Extractor x2  
  87  5:38  Glial Reconstitution  
  87  5:40  Overseer  
  85  5:47  Drone  
  85  5:48  Drone, Overlord x2, Baneling Nest  
  85  5:49  Roach x3  
  92  5:55  Roach x3  
  97  6:02  Overseer  
  97  6:06  Overlord x2  
  97  6:10  Drone x6  
  103  6:13  Extractor  
  102  6:23  Drone x2  
  104  6:35  Roach x2  
  104  6:36  Roach  
  104  6:37  Hatchery  
  108  6:43  Drone  
  108  6:44  Drone, Zerg Melee Weapons Level 2, Centrifical Hooks  
  109  6:47  Drone  
  109  6:48  Drone x8  
  118  6:57  Queen x3  
  124  7:03  Spore Crawler x2  
  124  7:04  Spore Crawler  
  124  7:08  Spore Crawler x2  
  119  7:14  Hydralisk Den  
  118  7:18  Drone x11  
  126  7:27  Drone x7  
  129  7:38  Drone  
  129  7:39  Overlord  
  130  7:44  Unknown, Overlord x2  
  130  7:47  Muscular Augments  
  130  7:48  Infestation Pit  
  128  7:51  Overlord x2  
  127  8:04  Drone  
  127  8:05  Drone  
  127  8:12  Hydralisk x12, Overlord x2  
  127  8:18  Ravager x4  
  155  8:22  Zergling x8  
  159  8:28  Overlord  
  159  8:29  Overlord  
  159  8:30  Hive  
  159  8:31  Hatchery  
  158  8:35  Spire, Zergling x4  
  158  8:40  Zergling x2, Ravager x2  
  158  8:41  Zergling x8  
  165  8:47  Pneumatized Carapace  
  165  8:48  Zergling x2  
  165  8:49  Zergling x12  
  172  8:57  Zergling x12  
  172  9:00  Grooved Spines  
  178  9:05  Zergling x12  
  184  9:12  Zergling x8  
  184  9:16  Zergling x2  
  189  9:18  Zergling x2  
  189  9:19  Zergling x16  
  189  9:22  Spine Crawler  
  189  9:23  Spine Crawler  
  195  9:26  Baneling x7  
  195  9:29  Zergling x6  
  191  9:42  Zergling x14  
  191  9:44  Adrenal Glands  
  191  9:45  Zerg Melee Weapons Level 3  
  191  9:47  Baneling x11  
  191  9:52  Baneling x9  
  190  9:53  Zergling x8, Baneling x3  
  190  9:57  Zergling x2  
  190  9:58  Zergling x8  
  198  10:03  Zergling x6  
  189  10:14  Greater Spire  
  189  10:17  Corruptor  
  189  10:18  Corruptor x4  
  199  10:26  Baneling  
  189  10:52  Corruptor x9  
  178  11:05  Zergling x38  
  171  11:16  Zergling x10  
  169  11:23  Baneling x6  
  169  11:24  Zergling x6  
  167  11:32  Zergling x14  
  167  11:33  Zergling x8  
  167  11:36  Baneling  
  167  11:37  Baneling x4  
  171  11:43  Zergling x10  
  149  11:48  Hydralisk x4  
  149  11:53  Hydralisk  
  149  11:54  Hydralisk  
  156  12:02  Roach x9  
  156  12:04  Baneling x5  
  156  12:05  Baneling  
  156  12:06  Zergling x2  
  176  12:12  Roach x4  
  180  12:18  Extractor x2  
  180  12:20  Baneling  
  178  12:25  Roach x2  
  178  12:26  Roach x7  

Tags
 
Add a new tag
Caveats
  • Supply blocks, unpowered buildings, or Contaminate may cause inaccurate times.
  • Supply counts are checked every 10 seconds.